 Dungeon Crawl Stone Soup version 0.31.0-11-ge490571c62 (webtiles) character file.

Game seed: 3730012947235641730

1109 Flugkiller the Chiller (level 8, 36/36 HPs)
             Began as a Vine Stalker Ice Elementalist on Feb 2, 2024.
             Quit the game in the Ecumenical Temple.
             The game lasted 00:07:19 (1590 turns).

Flugkiller the Chiller (VSIE)                       Turns: 1590, Time: 00:07:20

Health: 36/36      AC:  7    Str:  9    XL:     8   Next: 33%
Magic:  19/19      EV: 12    Int: 17    God:
Gold:   204        SH:  0    Dex: 15    Spells: 11/21 levels left

rFire   . . .        p - +0 whip (elec)
rCold   + . .        (no shield)
rNeg    + + .        h - +2 leather armour of Cocytus {rC+ rN++ Will- Regen+}
rPois   .            i - +0 helmet
rElec   .            o - +0 cloak
rCorr   .            (no gloves)
SInv    .            (no boots)
Will    +....        (no amulet)
Stlth   ++           m - ring of willpower
HPRegen 1.86/turn    (no ring)
MPRegen 0.16/turn

%: guardian spirit
@: no status effects
A: fangs 3, regeneration 1, magic shield, antimagic bite, no potion heal 2, weak
1, sturdy frame 1
a: no special abilities


You were in the Ecumenical Temple.
You visited 2 branches of the dungeon, and saw 8 of its levels.

You collected 204 gold pieces.

Inventory:

Hand Weapons
 c - a +2 vampiric dagger
   (You took it off an orc priest on level 6 of the Dungeon)
 d - a +0 orcbow
   (You took it off a centaur on level 6 of the Dungeon)
 g - a +1 dagger of freezing
   (You took it off a kobold on level 2 of the Dungeon)
 k - a +0 broad axe
   (You found it on level 3 of the Dungeon)
 p - a +0 whip of electrocution (weapon)
   (You took it off a gnoll on level 5 of the Dungeon)
Armour
 a - a +0 robe
 h - the +2 leather armour of Cocytus (worn) {rC+ rN++ Will- Regen+}
   (You found it on level 2 of the Dungeon)

   rC+:       It protects you from cold.
   rN++:      It greatly protects you from negative energy.
   Will-:     It decreases your willpower.
   Regen+:    It increases your rate of health regeneration.
 i - a +0 helmet (worn)
   (You took it off Robin on level 2 of the Dungeon)
 l - a scarf of harm
   (You found it on level 4 of the Dungeon)
 o - a +0 cloak (worn)
   (You found it on level 4 of the Dungeon)
Jewellery
 m - a ring of willpower (left hand)
   (You found it on level 5 of the Dungeon)
Wands
 u - a wand of digging (6)
   (You found it on level 5 of the Dungeon)
Scrolls
 e - a scroll of fog
 f - a scroll of revelation {unknown}
 n - a scroll of identify {unknown}
 r - a scroll of vulnerability {unknown}
 t - a scroll of immolation {unknown}
 w - a scroll of amnesia {unknown}
Potions
 b - a potion of magic
 j - 2 potions of berserk rage {unknown}
 q - a potion of attraction {unknown}
 s - 2 potions of haste {unknown}
 v - a potion of brilliance {unknown}


   Skills:
 - Level 1.5 Dodging
 - Level 2.4 Stealth
 + Level 7.1 Spellcasting
 + Level 7.9 Ice Magic


You had 11 spell levels left.
You knew the following spells:

 Your Spells              Type           Power      Damage    Failure   Level
a - Freeze                Ice            100%       1d10      1%          1
b - Frozen Ramparts       Ice            66%        1d10      1%          3
c - Ozocubu's Armour      Ice            33%        N/A       1%          3
d - Summon Ice Beast      Ice/Summ       19%        N/A       7%          3

Your spell library contained the following spells:

 Spells                   Type           Power      Damage    Failure   Level
 Ensorcelled Hibernation  Hex/Ice        38%        N/A       3%          2
 Call Imp                 Summ           12%        N/A       19%         2
 Sublimation of Blood     Necr           6%         N/A       19%         2
 Dazzling Flash           Conj/Hex       12%        N/A       36%         3
 Passwall                 Erth           6%         N/A       36%         3
 Swiftness                Air            6%         N/A       36%         3
 Volatile Blastmotes      Fire/Tloc      12%        2d11      36%         3
 Metabolic Englaciation   Hex/Ice        9%         N/A       54%         5
 Leda's Liquefaction      Alch/Erth      3%         N/A       77%         4
 Petrify                  Alch/Erth      6%         N/A       77%         4
 Starburst                Conj/Fire      3%         6d3       100%        6
 Summon Hydra             Summ           3%         N/A       100%        7
 Maxwell's Capacitive Co  Air            3%         ∞         100%        8


Dungeon Overview and Level Annotations

Branches:
Dungeon (7/15) Zot: 26641  Temple (1/1) D:7 Zot: 5999

Altars:
Ashenzari
Dithmenos
Elyvilon
Fedhas
Gozag
Hepliaklqana
Kikubaaqudgha
Okawaru
Qazlal
Ru
Uskayaw
Vehumet
Yredelemnul
The Shining One


Innate Abilities, Weirdness & Mutations

You have razor-sharp teeth.
Your natural rate of healing is unusually fast.
When hurt, damage is shared between your health and your magic reserves.
Your bite disrupts and absorbs the magic of your enemies.
Potions cannot restore your health.
You are weak. (Str -2)
Your movements are slightly less encumbered by armour. (ER -2)


Message History

The white imp is lightly wounded.
The white imp's magic is no longer disrupted.
The white imp hits you. The white imp freezes you. You resist.
You closely miss the white imp. Your bite misses the white imp.
The white imp is lightly wounded.
The white imp closely misses you.
You hit the white imp.
Lightning courses through the white imp!
You kill the white imp!
Things that are here:
a +0 orcbow; a centaur corpse
d - a +0 orcbow
There is a stone staircase leading down here.
You climb downwards.
There is a stone staircase leading up here.
You open the door.
Found an iron altar of Okawaru.
There is an open door here.
An ice beast comes into view.
Casting: Frozen Ramparts (safe; 1% risk of failure)
Confirm with . or Enter, or press ? or * to list all spells.
You miscast Summon Ice Beast.
You are very lightly contaminated with residual magic.
Nothing appears to happen.
The ice beast hits you but does no damage.
You hit the ice beast but do no damage.
Lightning courses through the ice beast!
You bite the ice beast, but do no damage.
The ice beast is heavily wounded.
The ice beast closely misses you.
You hit the ice beast but do no damage.
Lightning courses through the ice beast!!
You kill the ice beast!
Your Spellcasting skill increases to level 7!
No target in view!
Your magical contamination has completely faded away.
Found a scroll labelled VOARHIADWO.
f - a scroll labelled VOARHIADWO
Found a stone staircase leading down.
There is a stone staircase leading down here.
Found a hand axe.
Found 18 gold pieces.
A bullfrog comes into view.
You see here a +0 hand axe.
You see here 18 gold pieces.
You now have 204 gold pieces (gained 18).
The bullfrog hits you. x2
You miss the bullfrog. The bullfrog hits you.
You closely miss the bullfrog. The bullfrog hits you.
The bullfrog closely misses you.
You hit the bullfrog. Your bite misses the bullfrog.
The bullfrog is lightly wounded.
The bullfrog hits you. x2
You closely miss the bullfrog. You bite the bullfrog! You drain its power.
You feel invigorated.
The bullfrog is moderately wounded.
The bullfrog hits you but does no damage.
You barely miss the bullfrog. Your bite misses the bullfrog.
The bullfrog is moderately wounded.
The bullfrog barely misses you. The bullfrog hits you.
The bullfrog hits you but does no damage.
You completely miss the bullfrog. You bite the bullfrog! You drain its power.
The bullfrog is severely wounded.
The bullfrog hits you but does no damage.
The bullfrog barely misses you.
You closely miss the bullfrog.
You bite the bullfrog, but do no damage.
The bullfrog is severely wounded.
The bullfrog closely misses you.
You hit the bullfrog but do no damage.
The bullfrog is severely wounded.
The bullfrog barely misses you. The bullfrog completely misses you.
You hit the bullfrog.
The bullfrog is severely wounded.
The bullfrog misses you. The bullfrog barely misses you.
You closely miss the bullfrog.
The bullfrog is severely wounded.
The bullfrog closely misses you.
You hit the bullfrog.
The bullfrog is severely wounded.
The bullfrog hits you.
The bullfrog hits you but does no damage.
You barely miss the bullfrog. Your bite misses the bullfrog.
The bullfrog is severely wounded.
The bullfrog barely misses you.
The bullfrog hits you but does no damage.
You hit the bullfrog. Lightning courses through the bullfrog!
You kill the bullfrog!
No target in view!
Found a staircase to the Ecumenical Temple.
An ufetubus comes into view.
The ufetubus shouts!
An ufetubus comes into view.
There is a staircase to the Ecumenical Temple here.
The ufetubus barely misses you. The ufetubus closely misses you.
You climb downwards.
Welcome to the Ecumenical Temple!
Found three altars.
Found a staircase back to the Dungeon.
There is a staircase back to the Dungeon here.
Unknown command.
Are you sure you want to abandon this character and quit the game? (Confirm with "yes".)

###........_......
##.................
##..................
##...................
#....................
##....._...........⌠..
#.....................
#.....................
#....@...........⌠....
#.....................
#.....................
##....._...........⌠..
#....................
##...................
##......._..........
##.................
###........_......


There were no monsters in sight!

Vanquished Creatures
  Sigmund (D:2)
  An ice beast (D:7)
  An orc warrior (D:6)
  An ogre (D:4)
  A centaur (D:6)
  A bullfrog (D:7)
  2 scorpions
  2 orc priests (D:6)
  A sleepcap (D:5)
  A gnoll bouda (D:5)
  3 orc wizards
  Robin (D:2)
  2 gnolls (D:5)
  3 adders
  A shadow imp (D:6)
  2 white imps (D:6)
  2 ufetubi (D:5)
  2 ribbon worms (D:2)
  7 orcs
  4 ball pythons
  2 endoplasms
  6 giant cockroaches
  9 goblins
  7 hobgoblins
  3 jackals (D:1)
  5 kobolds
  5 quokkas
  2 bats
  A rat (D:2)
79 creatures vanquished.

Vanquished Creatures (collateral kills)
  A jelly (D:6)
  2 gnolls (D:5)
  An adder (D:5)
  A shadow imp (D:5)
5 creatures vanquished.

Grand Total: 84 creatures vanquished

Notes
Turn   | Place    | Note
-------+----------+-------------------------------------------
     0 | D:1      | Flugkiller the Vine Stalker Ice Elementalist began the
                  | quest for the Orb.
     0 | D:1      | Reached XP level 1. HP: 9/9 MP: 4/4
    91 | D:2      | Reached XP level 2. HP: 8/13 MP: 2/6
   205 | D:2      | Reached XP level 3. HP: 5/16 MP: 0/8
   232 | D:2      | Identified the +2 leather armour of Cocytus {rC+ rN++ Will-
                  | Regen+}
   253 | D:2      | Noticed Robin
   322 | D:2      | Killed Robin
   340 | D:2      | Learned a level 3 spell: Frozen Ramparts
   344 | D:2      | Learned a level 3 spell: Ozocubu's Armour
   403 | D:3      | Found a sacrificial altar of Ru.
   430 | D:3      | Reached XP level 4. HP: 21/21 MP: 8/10
   523 | D:2      | Noticed Sigmund
   563 | D:2      | Killed Sigmund
   564 | D:2      | Reached skill level 5 in Ice Magic
   564 | D:2      | Reached XP level 5. HP: 16/24 MP: 5/13
   564 | D:2      | Reached XP level 6. HP: 19/28 MP: 5/14
   644 | D:4      | Learned a level 3 spell: Summon Ice Beast
   696 | D:4      | Reached skill level 5 in Spellcasting
   787 | D:5      | Entered Level 5 of the Dungeon
   970 | D:5      | Reached XP level 7. HP: 29/32 MP: 7/16
  1261 | D:5      | Found a white marble altar of Elyvilon.
  1361 | D:6      | Noticed a vampire
  1412 | D:6      | Gained mutation: You are robust. (+10% HP) [potion of
                  | mutation]
  1412 | D:6      | Gained mutation: You are vulnerable to cold. (rC-) [potion
                  | of mutation]
  1413 | D:6      | Lost mutation: You are vulnerable to cold. (rC-) [potion of
                  | mutation]
  1413 | D:6      | Lost mutation: You are robust. (+10% HP) [potion of
                  | mutation]
  1413 | D:6      | Gained mutation: You are weak. (Str -2) [potion of
                  | mutation]
  1413 | D:6      | Gained mutation: You are partially covered in iridescent
                  | scales. (AC +2) [potion of mutation]
  1413 | D:6      | Lost mutation: You are partially covered in iridescent
                  | scales. (AC +2) [potion of mutation]
  1413 | D:6      | Gained mutation: Your movements are slightly less
                  | encumbered by armour. (ER -2) [potion of mutation]
  1417 | D:6      | Gained mutation: You have razor-sharp teeth. [Vine Stalker
                  | growth]
  1417 | D:6      | Reached XP level 8. HP: 26/36 MP: 5/18
  1495 | D:7      | Found a hide-covered altar of Uskayaw.
  1495 | D:7      | Found an iron altar of Okawaru.
  1580 | D:7      | Found a staircase to the Ecumenical Temple.
  1589 | Temple   | Entered the Ecumenical Temple
  1590 | Temple   | Quit the game

Illustrated notes

Levels and vault maps discovered:
D:1:      lightli_arrival_windingriver, layout_basic,
          hellmonk_ecumenical_altar_heavens_door, minmay_misc_feat_iff,
          wad_floor_pattern_untrapped
D:2:      layout_loops_cross, columned_hall_lemuel, minmay_indecisive_spiral,
          uniq_crazy_yiuf_cottage, uniq_robin, uniq_sigmund
D:3:      layout_basic, nicolae_ru_awakened_eye, ebering_ghost_reflecting_pool
D:4:      layout_cave_pools
D:5:      layout_cave_pods, elyvilon_altar_4
D:6:      minmay_general_purpose_star, layout_basic, serial_bayou_pond_d
D:7:      layout_loops_ring, gammafunk_temple_overflow_statue,
          kennysheep_little_box, minmay_temple_entry_statues_fountains,
          minmay_misc_feat_nine_boxes
Temple:   compressed_dpeg_circular_temple

Skill      XL: |  1  2  3  4  5  6  7  8 |
---------------+-------------------------+-----
Spellcasting   | 3 4 5 6 7 |  7.1
Ice Magic      | 5 6 7 |  7.9
Dodging        | |  1.5
Stealth        | |  2.4

Action                     |  1- 3 |  4- 6 |  7- 9 || total
---------------------------+-------+-------+-------++-------
  Melee: Unarmed           |    24 |       |       ||    24
         Bite              |    23 |     6 |    13 ||    42
         Dagger            |    59 |    15 |       ||    74
         Whip              |       |     6 |    52 ||    58
   Cast: Freeze            |    22 |    18 |       ||    40
         Frozen Ramparts   |       |     6 |     7 ||    13
         Summon Ice Beast  |       |     4 |     6 ||    10
         Ozocubu's Armour  |       |     2 |     2 ||     4
    Use: Scroll            |       |     1 |     2 ||     3
         Potion            |       |       |     2 ||     2
   Stab: Sleeping          |       |     1 |       ||     1
 Armour: Robe              |    44 |       |       ||    44
         Leather armour    |    14 |    37 |    49 ||   100
  Dodge: Dodged            |    78 |    22 |    38 ||   138
